 Dungeon Crawl Stone Soup version 0.19.5 (webtiles) character file.

1936 Kalash the Firebug (level 9, -8/67 (68) HPs)
             Began as a Naga Fire Elementalist on Apr 21, 2017.
             Was a Follower of Cheibriados.
             Mangled by an orc warrior
             ... wielding a +0 glaive
              (15 damage)
             ... on level 7 of the Dungeon.
             The game lasted 00:38:09 (9062 turns).

Kalash the Firebug (Naga Fire Elementalist)         Turns: 9062, Time: 00:38:10

HP:   -8/67 (68)    AC:  5    Str: 12      XL:     9   Next: 17%
MP:   8/15          EV: 10    Int: 22      God:    Cheibriados [*.....]
Gold: 192           SH:  0    Dex: 12 (13) Spells: 5 memorised, 3 levels left

rFire  . . .     SeeInvis +     o - +4 short sword (venom)
rCold  . . .     Gourm    .     a - +0 robe
rNeg   . . .     Faith    .     (no shield)
rPois  +         Spirit   .     n - +0 helmet
rElec  .         Reflect  .     (no cloak)
rCorr  +         Harm     .     (no gloves)
MR     +....                    (no barding)
Stlth  +++.......               (no amulet)
                                C - ring of resist corrosion
                                f - ring of wizardry

@: about to teleport, very slow
A: see invisible, deformed body, poison resistance, slowness 2, slow metabolism
1, spit poison 1, AC +3
a: Spit Poison, Bend Time, Renounce Religion


You were on level 7 of the Dungeon.
You worshipped Cheibriados.
Cheibriados was aware of your devotion.
You were not hungry.

You visited 2 branches of the dungeon, and saw 8 of its levels.

You collected 270 gold pieces.
You spent 78 gold pieces at shops.

Inventory:

Hand Weapons
 e - a +0 mace
 i - a +0 dagger
 o - a +4 short sword of venom (weapon)
 B - a +2 quarterstaff of protection
 I - a +0 dagger of flaming
Missiles
 p - 4 exploding tomahawks (quivered)
Armour
 a - a +0 robe (worn)
 n - a +0 helmet (worn)
Magical Staves
 r - an uncursed staff of energy
Jewellery
 f - a ring of wizardry (left hand)
 C - a ring of resist corrosion (right hand)
Scrolls
 c - a scroll of enchant armour {unknown}
 d - 2 scrolls of remove curse
 m - 2 scrolls of enchant weapon {unknown}
 s - a scroll of amnesia {unknown}
 u - 3 scrolls of teleportation
 v - a scroll of random uselessness {unknown}
 x - 4 scrolls of fear
 y - 4 scrolls of identify
 D - a scroll of fog
 E - a scroll of holy word {unknown}
Potions
 g - a potion of heal wounds {unknown}
 h - 3 potions of agility {unknown}
 j - 2 potions of might {unknown}
 k - 2 potions of flight {unknown}
 l - 3 potions of haste {unknown}
 t - a potion of brilliance {unknown}
 w - 3 potions of curing {unknown}
 z - a potion of cure mutation {unknown}
 G - 2 potions of ambrosia {unknown}
 H - a potion of degeneration {unknown}
Books
 b - a book of Flames

   Spells                             Type                      Level
   a - Flame Tongue                   Conjuration/Fire             1
   b - Throw Flame                    Conjuration/Fire             2
   c - Conjure Flame                  Conjuration/Fire             3
   d - Inner Flame                    Hexes/Fire                   3
   e - Sticky Flame                   Conjuration/Fire             4
   f - Fireball                       Conjuration/Fire             5
Comestibles
 q - 4 meat rations
 A - a bread ration
 F - a beef jerky


   Skills:
 - Level 1.5 Dodging
 - Level 7.2 Stealth
 + Level 4.5 Spellcasting
 + Level 6.6 Conjurations
 + Level 7.9 Fire Magic


You had 3 spell levels left.
You knew the following spells:

 Your Spells              Type           Power        Failure   Level  Hunger
a - Flame Tongue          Conj/Fire      #####        1%          1    None
b - Conjure Flame         Conj/Fire      #####...     1%          3    ##.....
c - Throw Flame           Conj/Fire      #####.       1%          2    None
d - Inner Flame           Hex/Fire       ###.....     3%          3    ##.....
e - Fireball              Conj/Fire      #####.....   7%          5    #####..


Dungeon Overview and Level Annotations

Branches:
Dungeon (7/15)             Temple (1/1) D:7

Altars:
Cheibriados
Dithmenos
Elyvilon
Gozag
Hepliaklqana
Kikubaaqudgha
Makhleb
Nemelex Xobeh
Okawaru
Qazlal
Ru
Sif Muna
Trog
Uskayaw
Vehumet
Xom
Yredelemnul
Zin
The Shining One

Shops:
D:4 ?   D:6 [


Innate Abilities, Weirdness & Mutations

You cannot wear boots.
Your serpentine skin is tough. (AC +3)
You have supernaturally acute eyesight. (SInv)
Armour fits poorly on your strangely shaped body.
Your system is resistant to poisons. (rPois)
You cover ground very slowly.
You have a slow metabolism.
You can spit poison.


Message History

You fail to use your ability.
The orc closely misses you.
You fail to use your ability.
The orc warrior hits you from afar with a glaive!
* * * LOW HITPOINT WARNING * * *
The orc barely misses you. What are your orders? t - Shout!
Orders for allies: a - Attack new target. p - Attack previous target. r - Retreat! s - Stop attacking. g - Guard the area. f - Follow me.
Anything else - Cancel.
Okay, then.
As you read the scroll of teleportation, it crumbles to dust.
You feel strangely unstable.
The orc warrior hits you from afar with a glaive!
* * * LOW HITPOINT WARNING * * *
The orc throws a stone.
The stone hits you but does no damage. The orc barely misses you.
The orc throws a stone.
The stone barely misses you.
The orc warrior hits you from afar with a glaive!
You die...

....# #.>.........# .....
#####.......# ##### #.......# ###
#......## ..# #######......# ..#
.. ##...⌠........####### ..#
#.###......o..####....... ..#
.......⌠.>.⌠..# #.#.#.#. ####
.....)..@oo..#####....... ...#
........†⌠.........#.#.#. ...#
.........######.#....†... ...#
#####..## # #..#.#.#.
...###########.## ##.......
...............# #.#.#.#.
################### #.......
###########.......#####.##.)#....
........................###.#.###


You could see an orc warrior and 2 orcs.

Vanquished Creatures
  4 phantoms
  A necrophage (D:7)
  2 centaurs (D:5)
  A bullfrog (D:7)
  3 scorpions
  3 killer bees (D:7)
  7 wights
  A crimson imp (D:5)
  A quasit (D:7)
  An orc priest (D:6)
  3 orc wizards
  2 jellies (D:5)
  2 bullfrog skeletons
  2 centaur skeletons
  3 iguanas
  A worker ant (D:4)
  Robin (D:2)
  A worker ant zombie (D:5)
  3 gnolls
  11 adders
  A shadow imp (D:4)
  2 oozes
  A worm (D:2)
  A dart slug (D:5)
  3 leopard geckos
  10 orcs
  2 ball pythons
  4 bats
  7 giant cockroaches
  7 goblins
  11 hobgoblins
  5 jackals
  4 quokkas
  A frilled lizard (D:5)
  4 kobolds
  A leopard gecko skeleton (D:6)
  9 rats
126 creatures vanquished.

Notes
Turn   | Place    | Note
-------+----------+-------------------------------------------
     0 | D:1      | Kalash the Naga Fire Elementalist began the quest for the Orb.
     0 | D:1      | Reached XP level 1. HP: 15/15 MP: 3/3
    13 | D:1      | Noticed a merfolk zombie
   167 | D:1      | Reached XP level 2. HP: 22/22 MP: 1/5
  1064 | D:2      | Reached XP level 3. HP: 21/28 MP: 0/6
  1137 | D:2      | Learned a level 3 spell: Conjure Flame
  1140 | D:2      | Learned a level 2 spell: Throw Flame
  1306 | D:2      | Noticed Robin
  1724 | D:2      | Found an ancient bone altar of Kikubaaqudgha.
  1795 | D:2      | Reached XP level 4. HP: 35/36 MP: 3/7
  1888 | D:2      | Killed Robin
  2904 | D:3      | Reached XP level 5. HP: 35/42 MP: 8/8
  3279 | D:3      | Reached skill level 5 in Fire Magic
  3768 | D:3      | Found a white marble altar of Elyvilon.
  3817 | D:3      | Found a hide-covered altar of Uskayaw.
  4131 | D:4      | Reached XP level 6. HP: 39/49 MP: 5/9
  4238 | D:4      | Found a stormy altar of Qazlal.
  4662 | D:4      | Reached skill level 5 in Stealth
  4905 | D:4      | Found Ymabbiur's Magic Scroll Boutique.
  4908 | D:4      | Bought a scroll of teleportation for 39 gold pieces
  4908 | D:4      | Bought a scroll of teleportation for 39 gold pieces
  4978 | D:4      | Learned a level 3 spell: Inner Flame
  4994 | D:5      | Entered Level 5 of the Dungeon
  5165 | D:5      | Reached XP level 7. HP: 24/55 MP: 0/10
  6057 | D:5      | Reached XP level 8. HP: 47/62 MP: 8/11
  6088 | D:5      | Reached skill level 5 in Conjurations
  6234 | D:5      | Found a shadowy altar of Dithmenos.
  6936 | D:6      | Found Gelil's Armour Shoppe.
  7341 | D:6      | Found an iron altar of Okawaru.
  7341 | D:6      | Found a faded altar of an unknown god.
  7347 | D:6      | Found a faded altar of an unknown god.
  7352 | D:6      | Found a faded altar of an unknown god.
  7353 | D:6      | Found a faded altar of an unknown god.
  7835 | D:7      | Found a staircase to the Ecumenical Temple.
  7843 | Temple   | Entered the Ecumenical Temple
  7962 | Temple   | Became a worshipper of Cheibriados the Contemplative
  8403 | D:7      | Reached XP level 9. HP: 27/68 MP: 7/15
  8969 | D:7      | Learned a level 5 spell: Fireball
  9042 | D:7      | Reached * piety under Cheibriados
  9062 | D:7      | Mangled by an orc warrior

Skill      XL: |  1  2  3  4  5  6  7  8 |
---------------+-------------------------+-----
Fire Magic     | 4 5 6 7 |  7.9
Conjurations   | 2 3 4 6 |  6.6
Stealth        | 4 5 7 |  7.2
Spellcasting   | 4 |  4.5
Dodging        | |  1.5

Action                   |  1- 3 |  4- 6 |  7- 9 || total
-------------------------+-------+-------+-------++-------
Melee: Dagger            |    10 |       |       ||    10
       Short sword       |     9 |    34 |    17 ||    60
       Staff             |       |     4 |       ||     4
Throw: Tomahawk          |       |       |     1 ||     1
 Cast: Flame Tongue      |    43 |   106 |   175 ||   324
       Throw Flame       |     3 |    10 |     2 ||    15
       Conjure Flame     |       |     2 |     1 ||     3
       Inner Flame       |       |       |     1 ||     1
  Use: Scroll            |     4 |     2 |     1 ||     7
 Stab: Sleeping          |     2 |       |       ||     2
       Distracted        |       |     1 |       ||     1
  Eat: Bread ration      |     1 |       |       ||     1
       Meat ration       |       |     2 |     2 ||     4
Armor: Robe              |     7 |    10 |    24 ||    41
Dodge: Dodged            |    27 |    52 |    67 ||   146
